 Dungeon Crawl Stone Soup version 0.24.0-37-gcf1ca852f1 (webtiles) character file.

Game seed: 9241611002244333705, levelgen mode: deterministic

44 shachar58 the Ruffian (level 3, -2/28 HPs)
             Began as a Draconian Transmuter on Dec 7, 2019.
             Slain by Terence
             ... wielding a +2 flail of holy wrath
              (4 damage)
             ... on level 2 of the Dungeon.
             The game lasted 00:13:32 (1586 turns).

shachar58 the Ruffian (Draconian Transmuter)        Turns: 1586, Time: 00:13:32

Health: -2/28      AC:  5    Str: 12    XL:     3   Next: 39%
Magic:  6/6        EV: 12    Int: 14    God:
Gold:   61         SH:  0    Dex: 11    Spells: 5/6 levels left

rFire    . . .     SeeInvis .     - Unarmed
rCold    . . .     Gourm    .   (no shield)
rNeg     . . .     Faith    .   (armour unavailable)
rPois    .         Spirit   .   (helmet restricted)
rElec    .         Reflect  .   (no cloak)
rCorr    .         Harm     .   (no gloves)
MR       .....                  (no boots)
Stlth    +.........             (no amulet)
HPRegen  0.09/turn              (no ring)
MPRegen  0.10/turn              (no ring)

@: no status effects
A: unfitting armour, cold-blooded, AC +5
a: no special abilities


You were on level 2 of the Dungeon.
You were hungry.

You visited 1 branch of the dungeon, and saw 2 of its levels.

You collected 61 gold pieces.

Inventory:

Missiles
 a - 48 arrows
Scrolls
 e - 3 scrolls of amnesia {unknown}
 g - 2 scrolls of enchant weapon {unknown}
Potions
 b - a potion of degeneration {unknown}
 l - a potion of agility {unknown}
 m - a potion of curing {unknown}
 n - a potion of cancellation {unknown}
Comestibles
 c - 9 rations
 d - 3 chunks of flesh


   Skills:
 + Level 1.2 Fighting
   Level 0.2 Short Blades
 * Level 2.2 Dodging
 * Level 3.4 Unarmed Combat
 * Level 2.3 Spellcasting
 * Level 2.5 Transmutations


You had 5 spell levels left.
You knew the following spells:

 Your Spells              Type           Power        Failure   Level  Hunger
a - Beastly Appendage     Tmut           #.....       8%          1    #......

Your spell library contained the following spells:

 Spells                   Type           Power        Failure   Level  Hunger
 Sticks to Snakes         Tmut           #.......     12%         2    ###....
 Spider Form              Tmut/Pois      #.........   38%         3    ###....
 Ice Form                 Ice/Tmut       #.......     80%         4    #####..
 Blade Hands              Tmut           #.........   91%         5    ######.


Dungeon Overview and Level Annotations

Branches:
Dungeon (2/15)

Altars:
Nemelex Xobeh
Qazlal

Annotations:
D:2 Terence


Innate Abilities, Weirdness & Mutations

Your plain brown scales are hard. (AC +5)
You cannot fit into any form of body armour.
You are cold-blooded and may be slowed by cold attacks.


Message History

Terence hits you but does no damage. The goblin barely misses you.
You barely miss the goblin. Terence hits you but does no damage.
The goblin misses you.
You closely miss the goblin.
Terence hits you with a +2 flail of holy wrath.
* * * LOW HITPOINT WARNING * * *
You hit the goblin.
The goblin is heavily wounded.
The goblin hits you.
* * * LOW HITPOINT WARNING * * *
You barely miss the goblin.
The goblin is heavily wounded.
The goblin closely misses you. Terence closely misses you.
You hit the goblin.
You kill the goblin!
Terence hits you with a +2 flail of holy wrath.
* * * LOW HITPOINT WARNING * * *
Your horns disappear.
Terence hits you with a +2 flail of holy wrath.
You die...

#.#.#...# #.########
#.#.# ..# #.# #.#.#
.# #.# .#.# #.# #.#
#.# #.# #.# #.# #.#
#.# #.# #@#######.#
#.@.......# ##
####################
..
#...................
#.
#.##################
#.####. #.#
.......####.#
#...........#
#.###########


You could see Terence.

Vanquished Creatures
  3 dart slugs
  A leopard gecko (D:2)
  4 bats
  A giant cockroach (D:1)
  7 goblins
  5 hobgoblins
  3 jackals (D:1)
  2 frilled lizards (D:2)
  3 kobolds
  4 rats
33 creatures vanquished.

Notes
Turn   | Place    | Note
-------+----------+-------------------------------------------
     0 | D:1      | shachar58 the Draconian Transmuter began the quest for the
                  | Orb.
     0 | D:1      | Reached XP level 1. HP: 16/16 MP: 3/3
   219 | D:1      | Reached XP level 2. HP: 18/23 MP: 3/5
   988 | D:2      | Found a stormy altar of Qazlal.
   995 | D:2      | Reached XP level 3. HP: 28/28 MP: 4/6
  1023 | D:2      | Found a sparkling altar of Nemelex Xobeh.
  1052 | D:2      | Noticed Terence
  1586 | D:2      | Slain by Terence

Levels and vault maps discovered:
D:1:      lightli_arrival_maybe_door_vault, layout_basic
D:2:      layout_basic, nemelex_altar_shiori, overflow_temple_1_default,
          first_ration, uniq_terence

Skill      XL: |  1  2 |
---------------+-------+-----
Dodging        | 2 |  2.2
Fighting       | |  1.2
Short Blades   | |  0.2
Unarmed Combat | |  3.4
Spellcasting   | |  2.3
Transmutations | |  2.5

Action                   || total
-------------------------++-------
Melee: Dagger            ||    30
       Unarmed           ||    96
       Tailslap          ||    10
       Headbutt          ||     5
       Kick              ||     3
 Cast: Beastly Appendage ||    18
  Use: Scroll            ||     1
  Eat: Chunk             ||     2
Armor: Skin              ||    57
Dodge: Dodged            ||   128
